Map: King's Cove LE

Players

Limbo - Winner!

  • Race: Protoss Protoss
  • League: Master
  • Spawn Location: 11:00

Mez

  • Race: Terran Terran
  • League: Master
  • Spawn Location: 5:00

VOD

Have the link to the VOD?

Description

Time

  • Played on: Aug. 16, 2019, 7:12 a.m.
  • Length: 17:45
Show
View Real Time Build Order
Export as new Build Order

Limbo Protoss - Winner!

Build Orders: 1 Gate Expand, Double Forge, Blink Stalkers 

Get SALT Encoding   

  12  0:00  Probe  
  13  0:13  Probe  
  14  0:20  Pylon  
  14  0:25  Probe  
  15  0:34  Probe  
  15  0:39  Gateway  
  16  0:44  Probe  
  16  0:48  Assimilator  
  17  0:54  Probe  
  18  1:06  Probe  
  19  1:18  Probe  
  20  1:26  Cybernetics Core  
  21  1:38  Nexus  
  21  1:39  Probe  
  21  1:51  Probe  
  22  1:57  Pylon  
  22  2:03  Probe  
  22  2:05  Adept  
  22  2:06  Assimilator  
  23  2:10  Warp Gate  
  25  2:16  Probe  
  26  2:28  Probe  
  27  2:33  Stalker  
  27  2:34  Twilight Council  
  26  2:40  Probe  
  29  2:51  Probe  
  30  2:53  Probe  
  30  2:55  Blink  
  31  3:04  Probe  
  31  3:05  Probe  
  33  3:09  Stalker  
  33  3:16  Probe  
  33  3:17  Probe  
  37  3:28  Probe  
  37  3:29  Probe  
  39  3:38  Pylon  
  39  3:39  Stalker  
  39  3:40  Probe  
  43  3:41  Probe  
  43  3:50  Gateway  
  43  3:52  Probe  
  43  3:53  Probe, Gateway  
  45  4:05  Probe x2  
  48  4:17  Probe x2  
  49  4:24  Assimilator  
  49  4:25  Stalker  
  49  4:29  Probe  
  49  4:31  Nexus  
  52  4:36  Probe  
  53  4:41  Probe  
  53  4:44  Forge  
  54  4:45  Forge  
  54  4:46  Robotics Facility  
  54  4:48  Pylon  
  54  4:54  Pylon  
  54  4:56  Protoss Ground Armor Level 1, Pylon  
  54  4:58  Protoss Ground Weapons Level 1  
  54  5:06  Probe  
  53  5:14  Stalker x3  
  53  5:15  Probe  
  53  5:16  Pylon  
  53  5:18  Pylon  
  53  5:21  Pylon  
  60  5:39  Probe x2  
  60  5:40  Observer  
  60  5:41  Stalker x3  
  68  5:44  Pylon  
  69  5:54  Gateway x2  
  69  5:58  Gateway  
  69  6:00  Probe  
  69  6:02  Gateway  
  70  6:07  Observer  
  70  6:09  Gateway  
  71  6:12  Probe  
  71  6:17  Probe  
  73  6:22  Probe  
  73  6:25  Photon Cannon  
  74  6:28  Photon Cannon  
  74  6:34  Templar Archives, Warp Prism  
  74  6:36  Zealot  
  74  6:38  Probe x2  
  74  6:39  Probe  
  81  6:43  Zealot x2  
  85  6:48  Pylon  
  85  6:49  Protoss Ground Armor Level 2  
  85  6:50  Probe  
  86  6:56  Zealot x3  
  86  6:58  Probe  
  86  7:01  Protoss Ground Weapons Level 2  
  93  7:10  Observer  
  93  7:15  Probe  
  94  7:20  Observer  
  95  7:23  Nexus  
  95  7:24  Pylon  
  95  7:26  Probe  
  95  7:28  Psionic Storm, Assimilator  
  96  7:31  Probe, Assimilator  
  96  7:35  Probe  
  98  7:37  Pylon  
  98  7:41  Probe  
  98  7:42  Zealot  
  98  7:43  Zealot x3  
  107  7:52  Probe  
  107  7:54  High Templar  
  107  7:57  Probe  
  111  8:01  Assimilator  
  111  8:05  Assimilator  
  111  8:09  High Templar, Shield Battery  
  111  8:10  Shield Battery  
  111  8:11  Probe  
  107  8:27  High Templar x2  
  107  8:32  Zealot x5  
  116  8:49  Zealot  
  112  8:58  Zealot x5  
  120  9:06  Photon Cannon  
  120  9:08  Photon Cannon x2  
  108  9:16  Robotics Bay  
  108  9:17  Zealot x3, Robotics Facility  
  110  9:19  Probe  
  110  9:20  Probe  
  110  9:22  Photon Cannon  
  114  9:27  Charge  
  114  9:28  Gateway  
  114  9:29  Gateway  
  114  9:30  Zealot x2  
  114  9:31  Zealot x3, Gateway  
  124  9:32  Protoss Ground Armor Level 3, Gateway  
  124  9:33  Probe  
  125  9:38  Probe x2  
  125  9:39  Probe  
  128  9:45  Probe  
  128  9:47  Protoss Shields Level 1  
  128  9:50  Probe  
  128  9:51  Probe x2  
  130  10:06  Photon Cannon  
  130  10:12  Zealot x7  
  144  10:16  Zealot  
  144  10:20  Colossus  
  144  10:21  Colossus  
  141  10:23  Stalker  
  141  10:24  Stalker  
  136  10:31  Extended Thermal Lance  
  136  10:34  Probe  
  136  10:35  Probe x3  
  150  10:46  Stalker x3  
  156  10:50  Probe x4  
  160  11:02  Probe  
  161  11:09  Pylon  
  161  11:16  Zealot x4  
  157  11:30  Colossus x2  
  157  11:37  Zealot x4  
  157  11:38  Zealot x2  
  159  11:42  Zealot x4  
  165  11:47  Stalker x2  
  165  11:48  Observer  
  165  12:00  Stalker x2  
  169  12:04  Zealot x2  
  143  12:18  Archon  
  143  12:19  Zealot x8  
  135  12:27  Zealot x4  
  107  12:40  Zealot x2  
  107  12:42  High Templar x6  
  119  12:46  Archon x2  
  119  12:49  Archon  
  109  12:51  Zealot x3  
  109  12:52  Zealot  
  117  13:01  Zealot x2  
  97  13:14  Zealot x8  
  97  13:15  Zealot x2  
  113  13:23  Probe x3  
  122  13:30  High Templar x2  
  126  13:38  High Templar x4  
  126  13:39  High Templar  
  130  13:41  Zealot x5  
  140  13:49  Archon  
  140  13:51  Archon  
  140  13:53  Disruptor  
  139  14:07  Nexus  
  125  14:22  Zealot x11  
  137  14:30  Disruptor  
  138  14:33  Stalker  
  138  14:44  Stalker x6  
  142  14:56  Probe  
  143  15:05  High Templar x3  
  143  15:06  High Templar  
  151  15:07  Zealot x5  
  151  15:08  Zealot  
  151  15:10  Archon  
  151  15:11  Archon  
  163  15:15  Archon  
  163  15:17  High Templar  
  163  15:18  Zealot  
  167  15:22  Archon  
  167  15:29  Zealot x6  
  179  15:47  Pylon  
  137  16:20  Zealot x9  
  128  16:44  Zealot x6  
  128  16:45  Zealot x6  
  136  16:52  Probe  
  125  17:01  Warp Prism  
  118  17:10  Stalker x2  
  118  17:11  Stalker x6  
  134  17:27  Probe  
  135  17:30  Assimilator  
  135  17:31  Assimilator  
  131  17:38  Nexus  
  131  17:39  Pylon  
  131  17:43  Assimilator  
Show
View Real Time Build Order
Export as new Build Order

Mez Terran 

Build Orders: Reaper Expand 

Get SALT Encoding   

  12  0:00  SCV  
  13  0:13  SCV  
  14  0:18  Supply Depot  
  14  0:25  SCV  
  15  0:39  SCV  
  15  0:41  Barracks  
  16  0:45  Refinery  
  16  0:51  SCV  
  17  1:04  SCV  
  18  1:16  SCV  
  19  1:28  Reaper, Orbital Command  
  20  1:53  Command Center  
  20  1:58  SCV  
  20  2:01  Bunker  
  21  2:06  Barracks Reactor  
  21  2:13  Supply Depot  
  21  2:15  SCV  
  22  2:27  SCV  
  23  2:39  SCV  
  24  2:45  Command Center  
  24  2:46  Marine x2  
  26  2:53  Factory  
  26  2:56  SCV  
  27  3:10  Marine x2  
  29  3:13  SCV, Orbital Command  
  29  3:18  Refinery  
  30  3:26  SCV  
  31  3:29  Marine x2  
  33  3:37  Widow Mine  
  33  3:38  SCV  
  36  3:43  Starport  
  36  3:45  SCV  
  37  3:52  Marine x2  
  37  3:53  Refinery, SCV  
  40  3:57  SCV  
  40  3:58  Orbital Command  
  41  4:05  Widow Mine  
  42  4:11  SCV x2  
  43  4:23  SCV x2, Marine x2  
  47  4:25  SCV  
  48  4:35  SCV x2, Factory Tech Lab  
  48  4:36  Starport Tech Lab  
  48  4:37  SCV  
  51  4:40  Marine  
  51  4:41  Marine  
  51  4:44  Supply Depot  
  51  4:45  Supply Depot  
  53  4:47  SCV x2  
  55  4:55  SCV  
  55  4:59  SCV x2  
  58  5:01  Raven  
  58  5:04  Barracks  
  58  5:05  Siege Tank  
  63  5:07  SCV  
  63  5:12  SCV x2  
  66  5:20  Refinery  
  66  5:22  Supply Depot  
  66  5:23  Supply Depot  
  66  5:24  Orbital Command  
  66  5:25  Engineering Bay  
  66  5:26  Engineering Bay  
  66  5:29  SCV, Barracks  
  66  5:33  Marine  
  66  5:34  Marine  
  69  5:39  Siege Tank  
  69  5:41  SCV  
  69  5:42  SCV  
  74  5:50  SCV  
  74  5:54  SCV x2  
  77  6:07  SCV x3  
  77  6:10  Stimpack, Starport Reactor  
  80  6:12  Marine x2, Marauder  
  87  6:19  Terran Infantry Armor Level 1, Terran Infantry Weapons Level 1  
  87  6:21  SCV x3  
  90  6:31  Barracks  
  87  6:33  SCV x2  
  87  6:34  Barracks  
  87  6:35  Factory Reactor  
  87  6:37  SCV  
  87  6:39  Marine x2  
  92  6:42  Supply Depot  
  92  6:44  Combat Shield, Supply Depot  
  92  6:45  SCV  
  93  6:51  Supply Depot  
  93  6:52  Refinery, Supply Depot  
  93  6:55  SCV x2, Marauder x2, Medivac  
  93  6:56  Medivac  
  101  7:08  Supply Depot  
  101  7:11  Supply Depot  
  101  7:13  Marine x2  
  101  7:14  Widow Mine x2  
  105  7:16  SCV x2, Marauder  
  105  7:17  SCV  
  105  7:18  Armory  
  110  7:23  Refinery  
  110  7:25  Barracks Reactor, Marauder, Barracks Tech Lab  
  110  7:28  SCV  
  110  7:29  SCV x2, Supply Depot x2  
  115  7:31  Medivac  
  115  7:32  Medivac  
  119  7:41  SCV  
  120  7:45  SCV  
  120  7:49  Marine x2, Marauder x3  
  129  7:55  Ghost Academy  
  129  7:57  Command Center  
  129  8:03  Marine x2  
  129  8:04  Medivac x2  
  135  8:07  Marine x2  
  137  8:17  Marine  
  137  8:18  Marauder x2  
  141  8:25  Marine x2  
  141  8:29  Marine x2  
  141  8:30  Terran Infantry Armor Level 2, Terran Infantry Weapons Level 2  
  143  8:36  Marauder  
  143  8:39  Marauder x2  
  148  8:43  Marine x2  
  148  8:46  Marine  
  148  8:47  Marine  
  150  8:57  Widow Mine x2, Marauder  
  150  9:00  Marine x3  
  161  9:07  Marine x3  
  160  9:13  Medivac x2  
  160  9:18  Ghost x3, Marine  
  167  9:27  Barracks  
  167  9:29  Barracks  
  167  9:30  Barracks, Supply Depot  
  167  9:32  Supply Depot  
  167  9:43  Marine x3  
  167  9:44  Starport  
  170  9:47  Marauder x2  
  170  9:48  Ghost, Marine  
  177  9:54  Liberator x2  
  177  9:55  Planetary Fortress  
  177  10:01  Marine  
  178  10:08  Ghost  
  178  10:13  Marine, Marauder  
  178  10:14  Marine x2  
  186  10:17  Marauder  
  191  10:25  Barracks Tech Lab x2  
  191  10:26  Barracks Tech Lab  
  190  10:34  SCV x4  
  190  10:35  Marauder  
  196  10:40  Ghost, Starport Tech Lab  
  196  10:42  Marine  
  195  10:43  Refinery, Marine x2  
  196  10:54  Refinery  
  196  11:08  SCV  
  196  11:10  Ghost x2  
  190  11:13  Ghost x2  
  160  11:41  Liberator  
  160  11:42  Liberator x2  
  160  11:44  Marauder  
  160  11:45  Widow Mine x2, Ghost x3  
  157  11:58  Marine x3, Marauder x2  
  173  12:06  Marauder  
  173  12:07  Marine  
  173  12:08  Command Center x2  
  173  12:09  Command Center  
  173  12:14  Marine x3  
  167  12:16  Marine x2  
  167  12:19  Marauder  
  164  12:24  Liberator x2  
  151  12:31  Marine  
  151  12:32  Marine, Marauder x3  
  151  12:36  Marauder x2  
  156  12:42  Viking  
  162  12:44  Widow Mine x2  
  162  12:50  Starport  
  162  12:51  Marine x3, Marauder  
  157  12:53  Marauder x2  
  157  12:57  Marine  
  157  12:58  Marauder x3  
  152  13:09  Marine x3  
  152  13:12  Viking, Marauder  
  130  13:14  Marauder  
  130  13:15  Marauder  
  124  13:20  Marine, Marauder  
  124  13:21  Marauder x2  
  124  13:24  Viking x2  
  124  13:26  Marine  
  124  13:27  Marine  
  135  13:28  Orbital Command  
  135  13:29  Orbital Command  
  135  13:34  Marauder  
  138  13:36  Starport Reactor  
  138  13:41  Terran Infantry Armor Level 3, Terran Infantry Weapons Level 3  
  138  13:42  Fusion Core  
  138  13:43  Terran Ship Weapons Level 1  
  140  13:54  Liberator x2  
  140  14:01  Widow Mine x2, Ghost x4  
  140  14:02  Marauder x2  
  154  14:05  Viking  
  148  14:19  Marine  
  148  14:22  Marine x3  
  148  14:23  Widow Mine, Marine, Marauder  
  142  14:29  Marine x2  
  142  14:30  Marine x2  
  144  14:33  Planetary Fortress  
  144  14:37  Marine  
  145  14:40  Ghost, Marine x2  
  145  14:42  SCV x4  
  145  14:44  Ghost  
  138  15:00  Refinery, Liberator  
  138  15:04  Refinery  
  138  15:13  Ghost  
  138  15:14  Ghost x2  
  138  15:15  Marine x4, Marauder x3  
  157  15:22  Liberator  
  157  15:25  Missile Turret  
  157  15:33  Marine  
  157  15:34  Missile Turret  
  158  15:36  Missile Turret  
  158  15:38  Marine x2  
  158  15:39  Marine, Marauder x3  
  158  15:42  Marine  
  179  15:45  Medivac x3  
  159  15:51  Missile Turret  
  122  16:04  Liberator x2  
  122  16:05  Liberator x2  
  122  16:10  Marine x6, Marauder x4  
  122  16:11  Liberator  
  133  16:27  Marine  
  133  16:28  Marine x3  
  122  16:41  Marine  
  122  16:42  Marauder x4  
  86  16:58  Marauder x2  
  87  17:03  Marauder  
  87  17:04  Marine x2  
Tags
 
Add a new tag
Caveats
  • Supply blocks, unpowered buildings, or Contaminate may cause inaccurate times.
  • Supply counts are checked every 10 seconds.